 Dungeon Crawl Stone Soup version 0.31-a0-188-g5e087ee2ca (webtiles) character file.

Game seed: 7377268776804035607

107 qw the Skirmisher (level 4, -4/25 HPs)
             Began as a Deep Elf Hunter on June 23, 2023.
             Shot with an arrow by a centaur (10 damage)
             ... on level 4 of the Dungeon.
             The game lasted 00:00:49 (2432 turns).

qw the Skirmisher (Deep Elf Hunter)                 Turns: 2432, Time: 00:00:50

Health: -4/25      AC:  4    Str: 10    XL:     4   Next: 56%
Magic:  6/6        EV: 13    Int: 14    God:
Gold:   177        SH:  0    Dex: 18    Spells: 3/3 levels left

rFire   . . .        Y - +0 shortbow
rCold   . . .        (shield currently unavailable)
rNeg    . . .        a - +1 robe {Will+}
rPois   .            (no helmet)
rElec   .            (no cloak)
rCorr   .            (no gloves)
SInv    .            i - +0 pair of boots
Will    +....        b - amulet of the acrobat
Stlth   ++           (no ring)
HPRegen 0.24/turn    (no ring)
MPRegen 0.10/turn

%: acrobat
@: no status effects
A: no striking features
a: no special abilities


You were on level 4 of the Dungeon.
You visited 1 branch of the dungeon, and saw 4 of its levels.

You collected 177 gold pieces.


   Skills:
 - Level 1.5 Fighting
 - Level 8.0 Ranged Weapons
 + Level 2.4 Dodging
 - Level 1.2 Stealth


You had 3 spell levels left.
You didn't know any spells.
Your spell library was empty.

Inventory:

Hand Weapons
 Y - a +0 shortbow (weapon)
Armour
 a - a +1 robe of willpower (worn)
 c - a +0 leather armour
 i - a +0 pair of boots (worn)
Jewellery
 b - an amulet of the acrobat (around neck)
 h - a ring of ice
Potions
 d - a potion of haste {unknown}
 e - 5 potions of curing
 f - a potion of resistance {unknown}
 j - a potion of might {unknown}
 l - a potion of heal wounds {unknown}
 m - a potion of lignification {unknown}

Dungeon Overview and Level Annotations

Branches:
Dungeon (4/15)
 Temple: D:4-7

Altars:


Message History

Enter note: The hound barks!
The hound stops to sniff the ground.
You shoot an arrow. The arrow closely misses the hound.
You shoot an arrow. The arrow hits the hound!
The hound is heavily wounded.
The hound bites you. x2
You shoot an arrow. The arrow barely misses the hound.
The hound barely misses you.
You shoot an arrow.
The arrow hits the hound but does no damage.
The hound is heavily wounded.
The hound barely misses you. x2
You shoot an arrow. The arrow completely misses the hound.
The hound barely misses you.
You shoot an arrow. The arrow closely misses the hound.
The hound completely misses you. The hound barely misses you.
You shoot an arrow. The arrow closely misses the hound.
The hound bites you.
You shoot an arrow. The arrow hits the hound.
The hound is severely wounded.
The hound bites you. The hound closely misses you.
You shoot an arrow. The arrow hits the hound!
You kill the hound!
Your Ranged Weapons skill increases to level 8!
You start resting.
HP restored.
A centaur comes into view.
Enter note:
Enter note:
Enter note: You shoot an arrow.
The arrow hits the centaur but does no damage.
The centaur shouts!
You hear a shout!
The centaur wields a +0 shortbow.
The centaur shoots an arrow.
The arrow hits you!
The centaur shoots an arrow.
The arrow hits you!
You shoot an arrow. The arrow barely misses the centaur.
The centaur shoots an arrow.
The arrow hits you!
You die...

<#..P7777P..# ....
.#.P7..P7PP.# .......
...P77..77..# .......
.#).7PP.....# ......
##P.7.P.PP.## #...#
.##.PPP.P...####...##
....................#
....................#
................@.[.#
....................#
##..................#
...7P.......####.......
P.7.777.P...# #..#####
...P 77..... .... 7...
c...# ....#


You could see a centaur.

Vanquished Creatures
  A hound (D:4)
  An adder (D:2)
  2 worms (D:2)
  3 dart slugs (D:1)
  4 orcs
  4 ball pythons
  6 endoplasms (D:1)
  2 giant cockroaches (D:1)
  3 goblins
  5 hobgoblins
  6 bats
  2 frilled lizards (D:1)
  2 kobolds
  9 rats
50 creatures vanquished.

Notes
Turn   | Place    | Note
-------+----------+-------------------------------------------
     0 | D:1      | qw the Deep Elf Hunter began the quest for the Orb.
     0 | D:1      | Reached XP level 1. HP: 12/12 MP: 3/3
     0 | D:1      | 0 ||| qw: Version: 0.3-a-9-g12657ce
     0 | D:1      | 0 ||| qw: Game counter: 4089
     0 | D:1      | 0 ||| qw: Always use a shield: true
     0 | D:1      | 0 ||| qw: God list: Okawaru
     0 | D:1      | 0 ||| qw: Allow faded altars: false
     0 | D:1      | 0 ||| qw: Do Orc after D:15 true
     0 | D:1      | 0 ||| qw: Do second Lair branch before Depths: true
     0 | D:1      | 0 ||| qw: Lair rune preference: random
     0 | D:1      | 0 ||| qw: Plans: Normal
     0 | D:1      | 0 ||| PLANNING D:1-11
   222 | D:1      | Reached skill level 6 in Ranged Weapons
   222 | D:1      | Reached XP level 2. HP: 16/16 MP: 4/4
   249 | D:1      | 249 ||| FLEEEEING.
   301 | D:1      | 301 ||| FLEEEEING.
   302 | D:1      | 302 ||| FLEEEEING.
   303 | D:1      | 303 ||| FLEEEEING.
   435 | D:1      | Reached XP level 3. HP: 20/20 MP: 5/5
   870 | D:1      | 870 ||| READING scroll labelled GUCUSOT HUE.
   871 | D:1      | 871 ||| DRINKING 3 pink potions.
   872 | D:1      | 872 ||| DROPPING scroll of butterflies.
  1138 | D:2      | HP: 5/20 [adder (2)]
  1140 | D:2      | Reached skill level 7 in Ranged Weapons
  1553 | D:2      | Found a faded altar of an unknown god.
  1577 | D:2      | 1577 ||| UPGRADING to +0 robe of willpower.
  1587 | D:2      | 1587 ||| UPGRADING to +0 pair of boots.
  1592 | D:2      | 1592 ||| UPGRADING to amulet of the acrobat.
  1597 | D:2      | 1597 ||| READING scroll labelled JUEMIY JIRIMM.
  1598 | D:2      | 1598 ||| READING scroll labelled TUN TAUSHRYETHRO.
  1599 | D:2      | 1599 ||| READING 2 scrolls labelled NOCLIL YFAPPAE.
  1600 | D:2      | 1600 ||| READING 3 scrolls labelled LIUSMO TUNA.
  1601 | D:2      | 1601 ||| DROPPING scroll of fog.
  1602 | D:2      | 1602 ||| DROPPING 2 scrolls of vulnerability.
  1658 | D:3      | 1658 ||| STAIRDANCE
  1720 | D:3      | Reached XP level 4. HP: 25/25 MP: 6/6
  1735 | D:3      | Identified the +1 falchion of the Unspeakable One {vamp,
                  | rF+ rC+ rN+}
  2281 | D:3      | 2281 ||| UPGRADING to +1 robe of willpower.
  2291 | D:3      | 2291 ||| DROPPING +0 robe of willpower.
  2292 | D:3      | 2292 ||| READING scroll labelled MAZXES HAONELA.
  2385 | D:4      | Reached skill level 8 in Ranged Weapons
  2430 | D:4      | Noticed a centaur
  2431 | D:4      | HP: 6/25 [centaur/arrow (8)]
  2432 | D:4      | Shot with an arrow by a centaur

Levels and vault maps discovered:
D:1:      minmay_arrival_checkered_box, layout_loops_corners, serial_park_tiny_1
D:2:      layout_loops_ring, dreamdust_ecumenical_altar_statues
D:3:      layout_loops_cross
D:4:      layout_gridville, serial_forest, infiniplex_forest_straight_2,
          infiniplex_forest_straight_1, infiniplex_forest_lined_3,
          infiniplex_forest_clump_C, infiniplex_forest_clump_C

Skill      XL: |  1  2  3  4 |
---------------+-------------+-----
Ranged Weapons | 6 7 8 |  8.0
Fighting       | |  1.5
Dodging        | |  2.4
Stealth        | |  1.2

Action                     |  1- 3 |  4- 6 || total
---------------------------+-------+-------++-------
   Fire: Shortbow          |   135 |    28 ||   163
    Use: Scroll            |     5 |     1 ||     6
         Potion            |     1 |       ||     1
 Armour: Leather armour    |     8 |       ||     8
         Robe              |     2 |       ||     2
  Dodge: Dodged            |    35 |    11 ||    46

Table legend:
 A = Non-vault XP
 B = Vault XP
 C = Vault XP percentage of total XP
 D = Non-vault monster count
 E = Vault monster count
 F = Vault count percentage of total count
                 A         B        C        D         E       F
            +---------+---------+-------+---------+---------+-------
      Total |     153 |       0 |   0.0 |      50 |       0 |   0.0
            +---------+---------+-------+---------+---------+-------
        D:1 |      50 |       0 |   0.0 |      28 |       0 |   0.0
        D:2 |      42 |       0 |   0.0 |      14 |       0 |   0.0
        D:3 |      15 |       0 |   0.0 |       7 |       0 |   0.0
        D:4 |      46 |       0 |   0.0 |       1 |       0 |   0.0
            +---------+---------+-------+---------+---------+-------
